 Dungeon Crawl Stone Soup version 0.32-a0-530-gb6d6f0d0ac (webtiles) character file.

Game seed: 12410767189245490780

55759 GordonOverkill the Severer (level 14, 0/165 HPs)
             Began as a Coglin Delver on Feb 27, 2024.
             Was a High Priest of Trog.
             Slain by a red devil
             ... wielding a +1 trident of flaming
              (6 damage)
             ... in a volcano.
             The game lasted 00:27:03 (15922 turns).

GordonOverkill the Severer (Coglin Delver)         Turns: 15922, Time: 00:27:04

Health: 0/165      AC: 29    Str: 17    XL:     14   Next: 78%
Magic:  4/4        EV:  7    Int: 10    God:    Trog [*****.]
Gold:   980        SH:  0    Dex: 16    Spells: 13/13 levels left

rFire   + . .        M - +2 war axe (vamp) {Hidetaka}
rCold   + . .        K - +6 broad axe (antimagic) {Vicente}
rNeg    . . .        r - +9 plate armour {ponderous}
rPois   .            R - +2 hat {Will+}
rElec   .            n - +1 cloak {Stlth+}
rCorr   .            (no gloves)
SInv    .            m - +0 pair of boots
Will    ++...        e - amulet of regeneration Stlth
                     (ring unavailable)
HPRegen 1.27/turn    (ring unavailable)
MPRegen 0.09/turn

%: no passive effects
@: berserking (expiring), spiked, revved, very quick
A: cold resistance 1, fire resistance 1, off-hand wielding, slow wielding,
warmup strikes, no rings
a: Renounce Religion, Berserk, Trog's Hand, Brothers in Arms


You were in a volcano.
You worshipped Trog.
Trog was extremely pleased with you.
You visited 3 branches of the dungeon, and saw 17 of its levels.
You also visited: Volcano.

You collected 1226 gold pieces.
You spent 246 gold pieces at shops.

Inventory:

Hand Weapons
 K - a +6 antimagic broad axe (offhand) {Vicente}
 M - a +2 vampiric war axe (weapon) {Hidetaka}
Missiles
 z - 2 throwing nets (quivered)
 Q - a curare-tipped dart
Armour
 h - a +1 leather armour of cold resistance
 m - a +0 pair of boots (worn)
 n - a +1 cloak of stealth (worn)
 r - a +9 plate armour of ponderousness (worn)
 R - a +2 hat of willpower (worn)
Jewellery
 e - an amulet of regeneration (around neck)
 B - an amulet of reflection
 F - an amulet of faith
Wands
 a - a wand of iceblast (17)
 g - a wand of digging (25)
 E - a wand of charming (10)
 L - a wand of flame (35)
 N - a wand of mindburst (1)
Scrolls
 b - a scroll of vulnerability
 c - 5 scrolls of fog
 d - 3 scrolls of revelation
 f - 6 scrolls of teleportation
 s - 3 scrolls of poison
 v - 3 scrolls of amnesia
 x - a scroll of brand weapon
 y - a scroll of torment {unknown}
 A - 5 scrolls of noise
 G - 3 scrolls of immolation
 O - a scroll of enchant armour {unknown}
 P - a scroll of silence {unknown}
 T - a scroll of acquirement {unknown}
Potions
 i - 6 potions of curing
 j - 5 potions of mutation
 l - 2 potions of resistance
 o - 2 potions of berserk rage
 p - a potion of heal wounds
 q - 5 potions of brilliance
 t - 3 potions of lignification
 w - 3 potions of might
 D - 2 potions of magic
 H - a potion of haste
 I - a potion of enlightenment
 S - 2 potions of invisibility {unknown}
Miscellaneous
 k - a lightning rod (3/4)


   Skills:
 + Level 10.0 Fighting
 - Level 20.0 Axes
 - Level 10.0 Armour
 - Level 5.0 Dodging
 - Level 4.1 Stealth
 - Level 5.0 Evocations


You had 13 spell levels left.
You didn't know any spells.
Your spell library contained the following spells:

 Spells                   Type           Power      Damage    Failure   Level
 Lesser Beckoning         Tloc           0%         N/A       100%        2
 Dazzling Flash           Conj/Hex       0%         N/A       100%        3
 Gell's Gravitas          Tloc           0%         N/A       100%        3
 Mephitic Cloud           Conj/Alch/Air  0%         N/A       100%        3
 Teleport Other           Tloc           0%         N/A       100%        3
 Curse of Agony           Necr           0%         N/A       100%        5
 Silence                  Hex/Air        0%         N/A       100%        5


Dungeon Overview and Level Annotations

Branches:
Dungeon (11/15)            Temple (1/1) D:5            Lair (5/5) D:9
 Shoals (0/4) Lair:2        Snake (0/4) Lair:2          Orc (0/2) D:9
Volcano (1/1)
  Slime: Lair:4-5

Altars:
Ashenzari
Cheibriados
Dithmenos
Elyvilon
Fedhas
Gozag
Hepliaklqana
Kikubaaqudgha
Makhleb
Nemelex Xobeh
Okawaru
Qazlal
Ru
Sif Muna
Trog
Uskayaw
Vehumet
Wu Jian
Xom
Yredelemnul
Zin
The Shining One

Shops:
D:4 **


Innate Abilities, Weirdness & Mutations

Your flesh is cold resistant. (rC+)
Your flesh is heat resistant. (rF+)
You can wield a second weapon in your off-hand.
It takes a long time for you to wield or remove held weapons.
Your first few attacks do less damage.
Your grasper-arms cannot wear rings.


Message History

* * * LOW HITPOINT WARNING * * *
You are engulfed in flames!
You resist.
* * * LOW HITPOINT WARNING * * *
The red devil hits you but does no damage.
The red devil hits you from afar with a +1 trident of flaming.
* * * LOW HITPOINT WARNING * * *
More barbed spikes become lodged in your body.
The red devil burns you.
* * * LOW HITPOINT WARNING * * *
The sun demon hits you!
* * * LOW HITPOINT WARNING * * *
You are engulfed in flames!
You resist.
* * * LOW HITPOINT WARNING * * *
You barely miss the sun demon with your +6 antimagic broad axe.
The sun demon is moderately wounded.
You slice the sun demon with your +2 vampiric war axe!!
You slash the sun demon with your +2 vampiric war axe!
You feel the power of Trog in you as your rage grows.
You kill the sun demon!
Trog accepts your kill.
The red devil hits you from afar with a +1 trident of flaming!
* * * LOW HITPOINT WARNING * * *
More barbed spikes become lodged in your body.
The red devil burns you.
* * * LOW HITPOINT WARNING * * *
The red devil closely misses you.
Training target 20.0 for Axes reached!
Your Axes skill increases to level 20!
You need to enable at least one skill for training.
Unknown command.
Unknown command.
The red devil completely misses you.
The red devil hits you from afar with a +1 trident of flaming.
* * * LOW HITPOINT WARNING * * *
More barbed spikes become lodged in your body.
The red devil burns you.
* * * LOW HITPOINT WARNING * * *
You feel a strong urge to attack something.
The red devil hits you from afar with a +1 trident of flaming.
You die...

≈§≈§§≈≈.≈≈≈§≈§.≈≈§§≈≈§≈§≈≈≈§§≈≈§≈
≈§§≈≈≈≈≈..............§§.≈≈§§§≈≈§
§§§§§≈≈.########'########.≈≈§≈≈≈≈
≈≈≈≈≈≈≈.# #.# #§≈≈§§≈≈§ ≈§≈§≈≈≈.#
#.# #.≈≈≈≈§≈§ ≈§≈≈≈≈§.# #.#
#§§≈§≈≈§≈ ≈≈≈≈≈§§.# #.# #§§≈§≈≈§≈
≈≈≈≈≈≈§.######.#.#.######§§§§≈≈§≈
≈≈≈≈≈§≈§#......#@#......#.§§≈≈§≈≈
≈≈≈§≈≈≈.###++###†###++###.≈≈§§≈≈§
≈§§≈≈≈≈.# 4.4 #.≈≈≈≈≈≈≈ ≈≈≈§§§§§#
.ß_ß. #.≈≈≈§§§≈ ≈≈≈≈≈§§§# +.....+
#.≈≈≈≈§≈≈
§§≈≈≈≈§§#################§≈≈≈≈§≈§
≈≈≈§§≈§.................§§§≈§≈≈≈§
≈≈§§§§§≈≈≈≈≈§§≈§≈≈≈≈≈.≈§.≈§≈≈≈≈≈§
≈≈§≈§§§§≈§≈≈≈≈≈≈≈§≈≈§≈§≈≈≈≈≈≈≈≈≈§


You could see 2 red devils.

Vanquished Creatures
  The ghost of Veiwk the Fighter, a journeyman MiFi of Okawaru (D:11)
  Snorg (D:11)
  Josephine (D:11)
  3 hydras
  3 boulder beetles
  Erica (D:11)
  7 two-headed ogres
  A tengu warrior (D:11)
  An occultist (D:11)
  A sun demon (Volcano)
  2 skysharks (Lair:5)
  A lindwurm (Lair:2)
  2 orc knights (D:11)
  2 orc sorcerers (D:11)
  A deep elf pyromancer (D:11)
  An ugly thing (D:11)
  An oklob plant (Lair:3)
  3 cyclopes (D:11)
  A deep elf zephyrmancer (D:11)
  Maurice (D:7)
  22 elephants
  2 black mambas (Lair:4)
  A gargoyle (D:11)
  2 torpor snails
  15 cane toads
  2 kobold demonologists (D:11)
  7 komodo dragons
  An unseen horror (D:11)
  3 rime drakes
  Maggie (Lair:1)
  3 trolls
  Grinder (D:6)
  5 dream sheep (Lair:5)
  13 blink frogs
  A polar bear (Lair:4)
  A slime creature (D:11)
  2 shadows (D:11)
  9 wraiths
  22 yaks
  5 basilisks
  A vampire (D:9)
  2 fire bats (Volcano)
  8 wyverns
  13 water moccasins
  A hell hound (Volcano)
  A swamp drake (D:11)
  3 ice beasts
  A sky beast (D:7)
  A laughing skull (D:11)
  3 orc warriors (D:11)
  2 ogres (D:5)
  18 wolves
  6 centaurs
  A phantom (D:5)
  3 kobold brigands
  13 bullfrogs
  3 scorpions
  19 wights
  4 killer bees (D:8)
  9 electric eels (D:10)
  3 howler monkeys
  A crimson imp (D:11)
  4 lava snakes (Volcano)
  A bombardier beetle (D:2)
  5 hounds
  12 jellies
  A gnoll bouda (D:5)
  5 orc priests
  An iron imp (D:11)
  A sleepcap (D:7)
  6 iguanas
  19 orc wizards
  6 hell rats (Lair:3)
  16 gnolls
  6 adders
  A shadow imp (D:11)
  A white imp (D:11)
  2 ufetubi
  3 dart slugs
  2 ribbon worms
  34 orcs
  14 endoplasms
  4 giant cockroaches
  8 goblins
  3 hobgoblins
  4 jackals (D:1)
  3 quokkas
  9 ball pythons
  6 bats
  2 frilled lizards (D:2)
  20 kobolds
  2 rats
470 creatures vanquished.

Notes
Turn   | Place    | Note
-------+----------+-------------------------------------------
     0 | D:5      | GordonOverkill the Coglin Delver began the quest for the
                  | Orb.
     0 | D:5      | Reached XP level 1. HP: 18/18 MP: 1/1
   166 | D:4      | Noticed a hound
   263 | D:4      | Noticed an iguana
   320 | D:4      | Reached XP level 2. HP: 24/24 MP: 2/2
   343 | D:4      | Reached skill level 3 in Axes
   453 | D:2      | Reached XP level 3. HP: 8/29 MP: 3/3
   992 | D:1      | Reached skill level 4 in Axes
  1460 | D:2      | Reached XP level 4. HP: 35/35 MP: 4/4
  1523 | D:2      | Found a faded altar of an unknown god.
  1891 | D:2      | Reached skill level 5 in Axes
  1891 | D:2      | Reached XP level 5. HP: 41/41 MP: 5/5
  1909 | D:2      | Identified the +0 robe "Gutiq" {rC+}
  2824 | D:3      | Reached skill level 6 in Axes
  3009 | D:3      | Reached XP level 6. HP: 47/47 MP: 6/6
  3080 | D:3      | Found a hide-covered altar of Uskayaw.
  3655 | D:4      | Found Olizul's Specific Store.
  3657 | D:4      | Found Xeyrghucu's General Store.
  3661 | D:4      | Bought a potion of heal wounds for 60 gold pieces
  3661 | D:4      | Bought a potion of might for 48 gold pieces
  3661 | D:4      | Bought a scroll of brand weapon for 114 gold pieces
  3661 | D:4      | Bought a scroll of identify for 24 gold pieces
  4078 | D:5      | Reached skill level 7 in Axes
  4101 | D:5      | Reached XP level 7. HP: 41/52 MP: 7/7
  4146 | D:5      | Reached skill level 8 in Axes
  4479 | D:5      | Found a staircase to the Ecumenical Temple.
  4510 | Temple   | Entered the Ecumenical Temple
  4516 | Temple   | Became a worshipper of Trog the Wrathful
  4538 | D:5      | Reached skill level 9 in Axes
  4538 | D:5      | Reached XP level 8. HP: 28/58 MP: 8/8
  5352 | D:6      | Noticed Grinder
  5368 | D:6      | Paralysed by Grinder for 2 turns
  5377 | D:6      | Killed Grinder
  5378 | D:6      | Reached skill level 10 in Axes
  5554 | D:6      | Identified the storm talisman of Light {+Blink Will+ rCorr
                  | Dex+4}
  5641 | D:6      | Reached skill level 5 in Fighting
  5808 | D:6      | Reached XP level 9. HP: 26/68 MP: 9/9
  6049 | D:6      | Reached skill level 1 in Evocations
  6358 | D:7      | Reached skill level 11 in Axes
  6361 | D:7      | Reached * piety under Trog
  6420 | D:7      | Found a snail-covered altar of Cheibriados.
  6489 | D:7      | Noticed Maurice
  6507 | D:7      | Killed Maurice
  6508 | D:7      | Found a shadowy altar of Dithmenos.
  6733 | D:7      | Reached skill level 12 in Axes
  7312 | D:8      | Reached skill level 13 in Axes
  7677 | D:9      | Reached ** piety under Trog
  7678 | D:9      | Found a staircase to the Orcish Mines.
  7678 | D:9      | Noticed a two-headed ogre
  7687 | D:9      | Killed a two-headed ogre
  7688 | D:9      | Reached XP level 10. HP: 74/74 MP: 10/10
  7770 | D:9      | Found a shimmering blue altar of Sif Muna.
  7834 | D:9      | Found a hazy altar of Hepliaklqana.
  7848 | D:9      | Found an ancient bone altar of Kikubaaqudgha.
  7958 | D:9      | Reached skill level 14 in Axes
  7960 | D:9      | Reached skill level 1 in Armour
  8212 | D:9      | Found a staircase to the Lair.
  8785 | D:10     | Entered Level 10 of the Dungeon
  9020 | D:10     | Reached skill level 5 in Armour
  9189 | D:10     | Noticed a two-headed ogre
  9196 | D:10     | Killed a two-headed ogre
  9426 | D:10     | Noticed a two-headed ogre
  9434 | D:10     | Reached XP level 11. HP: 79/79 MP: 11/11
  9436 | D:10     | Killed a two-headed ogre
 10089 | D:11     | Noticed Josephine
 10096 | D:11     | Killed Josephine
 10237 | D:11     | Noticed a two-headed ogre
 10243 | D:11     | Killed a two-headed ogre
 10266 | D:11     | Noticed Erica
 10275 | D:11     | Killed Erica
 10313 | D:11     | Found a large runed translucent door.
 10314 | D:11     | Found a large runed translucent door.
 10316 | D:11     | Noticed Veiwk's ghost (journeyman MiFi)
 10452 | D:11     | Reached skill level 5 in Dodging
 10474 | D:11     | Noticed an occultist
 10474 | D:11     | Noticed a six-headed hydra
 10474 | D:11     | Noticed a tengu warrior
 10475 | D:11     | Noticed an orc knight
 10483 | D:11     | Killed a tengu warrior
 10485 | D:11     | Noticed an orc knight
 10489 | D:11     | Killed an occultist
 10507 | D:11     | Killed an orc knight
 10685 | D:11     | Reached *** piety under Trog
 10686 | D:11     | Reached skill level 15 in Axes
 10786 | D:11     | Noticed a deep elf zephyrmancer
 10789 | D:11     | Killed a deep elf zephyrmancer
 10794 | D:11     | Noticed a sixfirhy
 11033 | D:11     | Noticed a deep elf pyromancer
 11039 | D:11     | Killed a deep elf pyromancer
 11040 | D:11     | Reached XP level 12. HP: 86/86 MP: 12/12
 11110 | D:11     | Noticed a two-headed ogre
 11123 | D:11     | Killed a two-headed ogre
 11226 | D:11     | Reached skill level 16 in Axes
 11284 | D:11     | Noticed a two-headed ogre
 11288 | D:11     | Noticed a two-headed ogre
 11298 | D:11     | Killed a two-headed ogre
 11312 | D:11     | Killed a two-headed ogre
 11326 | D:11     | Identified the +4 quarterstaff "Copras" {speed, Fly rF+
                  | rCorr MP-9}
 11367 | D:11     | Reached **** piety under Trog
 11634 | D:11     | Noticed Snorg
 11641 | D:11     | Killed Snorg
 11686 | D:11     | Killed a 19-headed hydra
 11753 | D:11     | Noticed a boulder beetle
 11803 | D:11     | Reached skill level 10 in Fighting
 11848 | D:11     | Killed a boulder beetle
 11895 | D:11     | Gained mutation: Your flesh is cold resistant. (rC+)
                  | [Coglin growth]
 11895 | D:11     | Gained mutation: Your flesh is heat resistant. (rF+)
                  | [Coglin growth]
 11895 | D:11     | Reached XP level 13. HP: 103/103 MP: 13/13
 11896 | D:11     | Reached skill level 5 in Evocations
 12086 | D:11     | Killed Veiwk's ghost
 12306 | Lair:1   | Entered Level 1 of the Lair of Beasts
 12358 | Lair:1   | Noticed Maggie
 12367 | Lair:1   | Killed Maggie
 12644 | Lair:1   | Reached skill level 10 in Armour
 13207 | Lair:2   | Found a staircase to the Snake Pit.
 13254 | Lair:2   | Found an ornate altar of the Wu Jian Council.
 13280 | Lair:2   | Found a hide-covered altar of Uskayaw.
 13723 | Lair:2   | Reached skill level 17 in Axes
 13794 | Lair:2   | Found a staircase to the Shoals.
 14160 | Lair:3   | Reached ***** piety under Trog
 14302 | Lair:3   | Reached XP level 14. HP: 88/110 MP: 14/14
 14334 | Lair:3   | Received a gift from Trog
 14476 | Lair:3   | Identified the +9 whip "Qerheell" {heavy, rPois Int+2 SInv
                  | Stlth+}
 14731 | Lair:3   | Reached skill level 18 in Axes
 15539 | Lair:4   | Reached skill level 19 in Axes
 15612 | Lair:4   | You fall into a shaft and drop 1 floor!
 15612 | Lair:5   | Entered Level 5 of the Lair of Beasts
 15628 | Lair:5   | Received a gift from Trog
 15727 | Lair:5   | Found a dark tunnel.
 15742 | Volcano  | Entered a volcano
 15905 | Volcano  | Found a burning altar of Makhleb.
 15919 | Volcano  | HP: 8/165 [red devil/+1 trident of flaming (9)]
 15920 | Volcano  | Reached skill level 20 in Axes
 15922 | Volcano  | Slain by a red devil

Illustrated notes

Levels and vault maps discovered:
D:1:      scummos_arrival_gate, layout_basic, minmay_cupped
D:2:      layout_loops_corners, shapermc_ecumenical_altar_mp_ritualfount,
          minmay_misc_feat_doors, minmay_between
D:3:      layout_rooms, lemuel_coloured_pillars_altar, due_unseen_surprise
D:4:      layout_loops_ring, nicolae_specific_store, dreamdust_gnoll_farm
D:5:      layout_basic, minmay_temple_entry_ruins, nicolae_fountain_basement
D:6:      minmay_skewed_foursquare, layout_rooms, serial_glass, glass_columns_c,
          glass_columns_a, glass_columns_c, glass_columns_a, glass_columns_a,
          uniq_grinder
D:7:      layout_basic, mainiacjoe_overflow_tiny_flanked,
          cheibrodos_worm_habitat, uniq_maurice
D:8:      layout_basic
D:9:      minmay_flawed_box, layout_stronghold, mainiacjoe_overflow_alcove_1,
          mainiacjoe_overflow_big_doors, lair_entry_dummy, david_orc_3
D:10:     layout_roguey, chequers_serial_rivers_micro_a, serial_bayou_lake_a
D:11:     minmay_the_grid_4x2 [minmay_the_grid_large_cup,
          minmay_the_grid_minigrid_large, minmay_the_grid_rooms,
          minmay_the_grid_broken_lines, minmay_the_grid_minigrid_small,
          minmay_the_grid_tri_star, minmay_the_grid_aliased_spiral,
          minmay_the_grid_prize_four_corners], layout_loops_ring,
          ebering_ghost_disaster_area, hangedman_minor_magic, uniq_josephine,
          uniq_erica, uniq_snorg
Temple:   eino_temple_rhombus
Lair:1:   layout_chaotic_city, gauntlet_entry_generic, grunt_megastairs_3,
          lemuel_fruit_fields, uniq_maggie
Lair:2:   layout_gridlike, minmay_shoals_entry_centaurs, dummy_snake_entry,
          nzn_masters_of_martial_movement
Lair:3:   lemuel_slime, layout_long_grid, minmay_holes,
          eino_small_chamber_without_monster
Lair:4:   nzn_winding_woodlands_cross [nzn_winding_woodlands_5x15_parted,
          nzn_winding_woodlands_5x15_twine,
          nzn_winding_woodlands_5x15_lazy_stream,
          nzn_winding_woodlands_5x15_pathside_ponds,
          nzn_winding_woodlands_15x15_boxy_spiral], layout_hall_layers,
          slime_entry_1
Lair:5:   evilmike_catoblepas_cave, layout_small_grid, enter_volcano_2,
          eino_house_with_fridge
Volcano:  volcano_lake [vl_original]

Skill      XL: |  1  2  3  4  5  6  7  8  9 10 11 12 13 14 |
---------------+-------------------------------------------+-----
Axes           | 3 4 5 6 7 9 10 13 14 15 16 17 20 | 20.0
Fighting       | 5 10 | 10.0
Evocations     | 2 4 5 |  5.0
Armour         | 6 8 10 | 10.0
Dodging        | 5 |  5.0
Stealth        | |  4.1

Action                     |  1- 3 |  4- 6 |  7- 9 | 10-12 | 13-15 || total
---------------------------+-------+-------+-------+-------+-------++-------
  Melee: Hand axe          |   105 |   104 |   303 |   302 |       ||   814
         Flail             |     6 |       |       |       |       ||     6
         Dagger            |     3 |   105 |   201 |       |       ||   309
         War axe           |       |       |       |   415 |   674 ||  1089
         Broad axe         |       |       |       |       |   179 ||   179
  Throw: Throwing net      |       |       |     1 |       |     1 ||     2
 Invoke: Berserk           |       |       |     3 |    21 |     7 ||    31
         Trog's Hand       |       |       |       |     2 |     1 ||     3
  Evoke: Wand              |     1 |       |     1 |     3 |     7 ||    12
         Lightning rod     |       |       |       |       |     1 ||     1
    Use: Potion            |     1 |     1 |       |       |     2 ||     4
         Scroll            |     1 |     9 |     5 |     2 |     7 ||    24
   Stab: Sleeping          |     6 |     7 |       |       |       ||    13
         Held in net/web   |       |       |       |       |     2 ||     2
         Distracted        |       |       |       |       |     1 ||     1
 Armour: Leather armour    |    69 |    25 |       |       |       ||    94
         Chain mail        |       |    27 |       |       |       ||    27
         Plate armour      |       |    19 |   285 |   400 |   780 ||  1484
  Dodge: Dodged            |    71 |    53 |    51 |    81 |   185 ||   441
         Repelled          |       |       |       |     5 |     1 ||     6

Table legend: (Time is in decaauts)
 A = Elapsed time spent in this place.
 B = Non-inter-level travel time spent in this place.
 C = Inter-level travel time spent in this place.
 D = Time resting spent in this place.
 E = Time spent auto-exploring this place.
 F = Levels seen in this place.
 G = Mean time per level.
                   A        B        C        D        E       F      G
               +--------+--------+--------+--------+--------+-----+--------+
         Total |  16714 |  15931 |    783 |   3810 |   8420 |  18 |  928.6 |
       Dungeon |  12895 |  12179 |    716 |   3477 |   6066 |  11 | 1172.3 |
        Temple |     13 |      8 |      5 |      0 |      0 |   1 |   13.0 |
          Lair |   3622 |   3560 |     62 |    322 |   2353 |   5 |  724.4 |
       Volcano |    183 |    183 |      0 |     10 |      1 |   1 |  183.0 |
               +--------+--------+--------+--------+--------+-----+--------+

Top non-repeatable levels by time:
    D:11: 2341 daAuts
     D:2: 1419 daAuts
     D:9: 1393 daAuts
     D:5: 1340 daAuts
    D:10: 1298 daAuts
     D:6: 1133 daAuts
     D:4: 1072 daAuts
  Lair:1: 975 daAuts
  Lair:2: 940 daAuts
     D:1: 864 daAuts
  Lair:3: 860 daAuts
     D:8: 739 daAuts
  Lair:4: 722 daAuts
     D:7: 670 daAuts
     D:3: 621 daAuts
